 Dungeon Crawl Stone Soup version 0.31-a0-210-gccc998df9b (webtiles) character file.

Game seed: 14380704708533360703

1031 Adrian566 the Cleaver (level 8, -2/64 (67) HPs)
             Began as a Hill Orc Fighter on June 29, 2023.
             Slain by a wight
             ... wielding a +3 spear of freezing
              (9 damage)
             ... on level 6 of the Dungeon.
             The game lasted 00:04:35 (4978 turns).

Adrian566 the Cleaver (Hill Orc Fighter)            Turns: 4978, Time: 00:04:36

HP:   -2/64 (67)    AC:  9    Str: 33    XL:     8   Next: 23%
MP:   8/8           EV: 10    Int:  8    God:
Gold: 362           SH:  8    Dex: 10    Spells: 7/7 levels left

rFire   . . .        a - +0 war axe
rCold   . . .        y - +0 kite shield
rNeg    . . .        b - +0 scale mail
rPois   .            u - +0 helmet
rElec   .            (no cloak)
rCorr   .            (no gloves)
SInv    .            m - +0 pair of boots
Will    .....        (no amulet) Stlth
                     i - +6 ring of strength
HPRegen 0.30/turn    k - +6 ring of strength
MPRegen 0.11/turn

%: no passive effects
@: mighty, lightly drained
A: no striking features
a: no special abilities


You were on level 6 of the Dungeon.
You visited 2 branches of the dungeon, and saw 7 of its levels.

You collected 386 gold pieces.
You spent 24 gold pieces at shops.

Inventory:

Hand Weapons
 a - a +0 war axe (weapon)
Missiles
 v - 2 throwing nets
Armour
 b - a +0 scale mail (worn)
 m - a +0 pair of boots (worn)
 u - a +0 helmet (worn)
 y - a +0 kite shield (worn)
 A - a +0 pair of gloves
Jewellery
 i - a +6 ring of strength (left hand)
 k - a +6 ring of strength (right hand)
 z - a +4 ring of protection
Wands
 c - a wand of flame (35)
Scrolls
 e - 2 scrolls of teleportation
 g - 3 scrolls of amnesia
 h - a scroll of vulnerability
 o - a scroll of torment {unknown}
 r - a scroll of blinking {unknown}
 s - a scroll of noise {unknown}
 t - 2 scrolls of poison
 B - 3 scrolls of identify
 C - a scroll of enchant weapon {unknown}
Potions
 f - a potion of ambrosia
 j - a potion of curing
 l - a potion of attraction
 n - a potion of brilliance
 p - a potion of berserk rage
 q - a potion of magic {unknown}
 w - a potion of heal wounds {unknown}
 x - a potion of lignification {unknown}


   Skills:
 + Level 4.8 Fighting
 * Level 9.6 Axes
 + Level 5.3 Armour
 + Level 1.5 Dodging
 + Level 0.5 Stealth
 + Level 4.5 Shields


You had 7 spell levels left.
You didn't know any spells.
Your spell library was empty.

Dungeon Overview and Level Annotations

Branches:
Dungeon (6/15)             Temple (1/1) D:4

Altars:
Ashenzari
Dithmenos
Fedhas
Gozag
Hepliaklqana
Kikubaaqudgha
Nemelex Xobeh
Okawaru
Qazlal
Ru
Sif Muna
Trog
Uskayaw
Vehumet
Wu Jian
Xom
Yredelemnul

Shops:
D:2 **?


Message History

You feel drained.
The wight hits you from afar with a +3 spear of freezing.
You feel drained. The wight freezes you.
You are too injured to fight recklessly!
You are too injured to fight recklessly!
You are too injured to fight recklessly!
You are too injured to fight recklessly!
You are too injured to fight recklessly!
You are too injured to fight recklessly!
You are too injured to fight recklessly!
You are too injured to fight recklessly!
You are too injured to fight recklessly!
You are too injured to fight recklessly!
You are too injured to fight recklessly!
You are too injured to fight recklessly!
You are too injured to fight recklessly!
You are too injured to fight recklessly!
You are too injured to fight recklessly!
Unknown command.
You feel very mighty all of a sudden. The wight barely misses you.
You block the wight's attack.
You slice the wight!!
You destroy the wight!
The wight hits you from afar with a +3 spear of freezing!
You feel drained. The wight freezes you.
Your Armour skill increases to level 5!
The wight hits you from afar with a +3 spear of freezing!
* * * LOW HITPOINT WARNING * * *
The wight freezes you.
* * * LOW HITPOINT WARNING * * *
Things that are here:
a +0 long sword; a +0 robe The wight hits you with a +3 spear of freezing.
* * * LOW HITPOINT WARNING * * *
The wight freezes you.
* * * LOW HITPOINT WARNING * * *
You slash the wight!
The wight is severely damaged.
The wight hits you with a +3 spear of freezing!
You die...

#........ #........
#....###. .........
........# ##
........## ####....# #
.........## #....# #
..........# #....# #
..........# #....####
..........# #....#...
......z@..###### #..#.
........)....... ...
#. ..........###### ##
## ..........?....#
##. ..#...$†#......#
#.. #
########.....#######.#
##............>
####...####...[...
#.....## #.......


You could see a wight.

Vanquished Creatures
  Grinder (D:4)
  A black bear (D:5)
  An ogre (D:4)
  2 scorpions
  A wight (D:6)
  A howler monkey (D:4)
  A hound (D:5)
  6 iguanas
  A sleepcap (D:4)
  An orc wizard (D:5)
  4 gnolls (D:4)
  7 adders
  2 white imps (D:6)
  A worm (D:2)
  4 dart slugs
  10 orcs
  6 endoplasms
  A giant cockroach (D:4)
  4 goblins
  7 hobgoblins
  8 jackals
  2 quokkas
  3 ball pythons (D:1)
  8 bats
  6 frilled lizards
  9 kobolds
  6 rats
104 creatures vanquished.

Notes
Turn   | Place    | Note
-------+----------+-------------------------------------------
     0 | D:1      | Adrian566 the Hill Orc Fighter began the quest for the Orb.
     0 | D:1      | Reached XP level 1. HP: 19/19 MP: 1/1
    33 | D:1      | Reached skill level 3 in Axes
    52 | D:1      | Reached XP level 2. HP: 27/27 MP: 2/2
   177 | D:1      | Reached XP level 3. HP: 33/33 MP: 3/3
   239 | D:1      | Reached skill level 4 in Axes
   377 | D:1      | Found a faded altar of an unknown god.
   739 | D:2      | Found Nastiq's Assorted Antiques.
   881 | D:2      | Found Xiriu's General Store.
   891 | D:2      | Reached XP level 4. HP: 34/40 MP: 4/4
  1174 | D:2      | Found Deoro's Magic Scroll Emporium.
  1179 | D:2      | Bought a scroll of identify for 24 gold pieces
  1774 | D:3      | Reached skill level 5 in Axes
  2069 | D:4      | Reached skill level 1 in Dodging
  2281 | D:4      | Found a shimmering altar of Xom.
  2286 | D:4      | Found a hazy altar of Hepliaklqana.
  2286 | D:4      | Found an opulent altar of Gozag.
  2299 | D:4      | Reached XP level 5. HP: 46/46 MP: 5/5
  2330 | D:4      | Reached skill level 6 in Axes
  2330 | D:4      | Reached XP level 6. HP: 48/52 MP: 6/6
  2398 | D:4      | Noticed Grinder
  2409 | D:4      | Killed Grinder
  2410 | D:4      | Reached skill level 7 in Axes
  2586 | D:4      | Reached XP level 7. HP: 50/59 MP: 7/7
  2594 | D:4      | Reached skill level 8 in Axes
  2984 | D:4      | Found a staircase to the Ecumenical Temple.
  3513 | Temple   | Entered the Ecumenical Temple
  3746 | D:5      | Entered Level 5 of the Dungeon
  3975 | D:5      | Found a shimmering blue altar of Sif Muna.
  4022 | D:5      | Found a shadowy altar of Dithmenos.
  4082 | D:5      | Reached skill level 9 in Axes
  4212 | D:5      | Reached XP level 8. HP: 52/67 MP: 8/8
  4976 | D:6      | Reached skill level 5 in Armour
  4978 | D:6      | Slain by a wight

Illustrated notes

Levels and vault maps discovered:
D:1:      mrwooster_arrival_statue_3, layout_rooms,
          shapermc_ecumenical_altar_notcrosses
D:2:      layout_basic, serial_shops, nicolae_diamond_shop, shop,
          nicolae_shop_competitors_out_of_business, minmay_pentomino_v2
D:3:      layout_loops_ring, kennysheep_generic_room_11
D:4:      layout_layer_cave, grunt_temple_overflow_open,
          minmay_temple_entry_antechambers, minmay_crystal_room, uniq_grinder
D:5:      layout_basic, nicolae_sif_muna_little_library, lemuel_doored_altar
D:6:      layout_rooms, zin_purify, uniq_crazy_yiuf_cottage, uniq_maggie
Temple:   chequers_temple_sunken

Skill      XL: |  1  2  3  4  5  6  7  8 |
---------------+-------------------------+-----
Axes           | 3 4 5 6 7 9 |  9.6
Dodging        | 1 |  1.5
Fighting       | 4 |  4.8
Armour         | 4 5 |  5.3
Shields        | 4 |  4.5
Stealth        | |  0.5

Action                     |  1- 3 |  4- 6 |  7- 9 || total
---------------------------+-------+-------+-------++-------
  Melee: War axe           |   100 |   124 |   120 ||   344
    Use: Scroll            |       |     1 |     7 ||     8
         Potion            |       |       |     2 ||     2
 Armour: Scale mail        |    45 |    49 |    24 ||   118
  Dodge: Dodged            |    49 |    68 |    50 ||   167
  Block: Buckler           |    24 |    22 |     9 ||    55
         Kite shield       |       |       |    26 ||    26

Table legend: (Time is in decaauts)
 A = Elapsed time spent in this place.
 B = Non-inter-level travel time spent in this place.
 C = Inter-level travel time spent in this place.
 D = Time resting spent in this place.
 E = Time spent auto-exploring this place.
 F = Levels seen in this place.
 G = Mean time per level.
                   A        B        C        D        E       F      G
               +--------+--------+--------+--------+--------+-----+--------+
         Total |   5101 |   4864 |    237 |      7 |   4059 |   7 |  728.7 |
       Dungeon |   4860 |   4633 |    227 |      7 |   3836 |   6 |  810.0 |
        Temple |    240 |    230 |     10 |      0 |    223 |   1 |  240.0 |
               +--------+--------+--------+--------+--------+-----+--------+

Top non-repeatable levels by time:
     D:4: 1507 daAuts
     D:5: 1062 daAuts
     D:2: 979 daAuts
     D:3: 655 daAuts
     D:1: 475 daAuts
  Temple: 240 daAuts
     D:6: 179 daAuts
